Workbook

Sheet 收支预算总表
F1: 表一
A2: 收支预算总表
A3: 石城县丰山乡人民政府 | F3: 单位：元
A4: 收 入 | C4: 支 出
A5: 项目 | B5: 预算数 | C5: 按支出项目类别 | D5: 预算数 | E5: 按支出功能科目 | F5: 预算数
A6: 一、财政拨款 | B6: =SUM(B7:B11) -> 8877002.2 | C6: 一、基本支出 | D6: =SUM(D7:D10) -> 5808626.6 | E6: 一般公共服务支出 | F6: 3211661
A7: 一般公共预算拨款收入 | B7: =部门收入总表!F7 -> 8877002.2 | C7: 工资福利支出 | D7: =部门支出预算总表!G9 -> 3999298.6 | E7: 外交支出
A8: 政府性基金预算拨款收入 | C8: 商品服务支出 | D8: =部门支出预算总表!I9 -> 1738600 | E8: 国防支出
A9: 国有资本经营预算收入 | C9: 对个人和家庭补助支出 | D9: =部门支出预算总表!H9 -> 70728 | E9: 公共安全支出
A10: 专项收入 | C10: 其他资本性支出 | E10: 教育支出
A11: 预算内投资收入 | C11: 二、项目支出 | D11: =部门支出预算总表!J9 -> 3713375.6 | E11: 科学技术支出
A12: 二、事业收入 | B12: =SUM(B13:B14) -> 0 | C12: 商品和服务支出 | E12: 文化旅游体育与传媒支出
A13: 预算外财政专户核拨资金 | C13: 基本建设支出 | E13: 社会保障和就业支出 | F13: 738317.6
A14: 其他事业收入 | C14: 其他项目支出 | E14: 卫生健康支出 | F14: 206827.04
A15: 三、事业单位经营收入 | C15: 三、事业单位经营支出 | E15: 节能环保支出
A16: 四、附属单位上缴收入 | C16: 四、对附属单位补助支出 | E16: 城乡社区支出 | F16: 228200
A17: 五、上级补助收入 | B17: =部门收入总表!M7 -> 645000 | C17: 五、上缴上级支出 | E17: 农林水支出 | F17: 4857456.6
A18: 六、其他收入 | B18: =部门收入总表!N7 -> 0 | E18: 交通运输支出
C19: 本年支出合计 | D19: =D6+D11+D15+D16+D17 -> 9522002.2 | E19: 资源勘探信息等支出
A20: 本年收入合计 | B20: =B6+B12+B15+B16+B18+B17 -> 9522002.2 | C20: 六、结转下年 | E20: 商业服务业等支出
A21: 七、用事业基金弥补收支差额 | E21: 金融支出
A22: 八、上年结转资金（国库集中支付结余结转） | B22: =部门收入总表!D7 -> 0 | E22: 援助其他地区支出
A23: 财政拨款结转(不含政府性基金结转) | E23: 自然资源海洋气象等支出
A24: 政府性基金结转 | E24: 住房保障支出 | F24: 279540
A25: 其他资金结转 | E25: 粮食物资储备支出
E26: 灾害防治及应急管理支出
E27: 预备费
E28: 其他支出
E29: 转移性支出
E30: 债务还本支出
E31: 债务付息支出
E32: 债务发行费用支出
E33: 本年支出合计 | F33: =SUM(F6:F32) -> 9522002.2
E34: 结转下年
A36: 收入总计 | B36: =B20+B21+B22 -> 9522002.2 | C36: 支出总计 | D36: =D19+D20 -> 9522002.2 | E36: 支出总计 | F36: =F33+F34 -> 9522002.2

Sheet 部门收入总表
O1: 表二
A2: 部门收入总表
O3: 单位：元
A4: 功能科目编码 | B4: 功能科目名称 | C4: 合计 | D4: 上年结转 | E4: 财政拨款 | I4: 教育收费资金收入 | J4: 事业收入 | K4: 事业单位经营收入 | L4: 附属单位上缴收入 | M4: 上级补助收入 | N4: 其他收入 | O4: 使用非财政拨款结余
E5: 小计 | F5: 一般公共预算拨款收入 | G5: 政府性基金预算拨款收入 | H5: 国有资本经营预算收入
A6: ** | B6: ** | C6: 1=2+3+7+8+9+10+11+12+13 | D6: 2 | E6: 3=4+5+6 | F6: 4 | G6: 5 | H6: 6 | I6: 7 | J6: 8 | K6: 9 | L6: 10 | M6: 11 | N6: 12 | O6: 13
A7: 款、类、项 | B7: 合计 | C7: =SUM(C8:C29) -> 9522002.2 | D7: =SUM(D8:D29) -> 0 | E7: =SUM(E8:E29) -> 8877002.2 | F7: =SUM(F8:F29) -> 8877002.2 | M7: =SUM(M8:M29) -> 645000
A8: 2010301 | B8: 政府机构事务行政运行 | C8: =D8+E8+I8+J8+K8+L8+M8+N8+O8 -> 1810066 | E8: =F8+G8+H8 -> 1810066 | F8: 1810066
A9: 2011105 | B9: 派驻派出机构 | C9: =D9+E9+I9+J9+K9+L9+M9+N9+O9 -> 90000 | E9: =F9+G9+H9 -> 90000 | F9: 90000
A10: 2010601 | B10: 财政事务行政运行 | C10: =D10+E10+I10+J10+K10+L10+M10+N10+O10 -> 50000 | E10: =F10+G10+H10 -> 50000 | F10: 50000
A11: 2012999 | B11: 其他群众团体事务支出 | C11: =D11+E11+I11+J11+K11+L11+M11+N11+O11 -> 30000 | E11: =F11+G11+H11 -> 30000 | F11: 30000
A12: 2013101 | B12: 党委行政运行 | C12: =D12+E12+I12+J12+K12+L12+M12+N12+O12 -> 790595 | E12: =F12+G12+H12 -> 790595 | F12: 790595
A13: 2080505 | B13: 机关事业单位基本养老保险缴费支出 | C13: =D13+E13+I13+J13+K13+L13+M13+N13+O13 -> 391726.4 | E13: =F13+G13+H13 -> 391726.4 | F13: 391726.4
A14: 2080506 | B14: 机关事业单位职业年金缴费支出 | C14: =D14+E14+I14+J14+K14+L14+M14+N14+O14 -> 195863.2 | E14: =F14+G14+H14 -> 195863.2 | F14: 195863.2
A15: 2080801 | B15: 死亡抚恤 | C15: =D15+E15+I15+J15+K15+L15+M15+N15+O15 -> 70728 | E15: =F15+G15+H15 -> 70728 | F15: 70728
A16: 2080899 | B16: 其他优抚支出 | C16: =D16+E16+I16+J16+K16+L16+M16+N16+O16 -> 80000 | E16: =F16+G16+H16 -> 80000 | F16: 80000
A17: 2101101 | B17: 行政单位医疗 | C17: =D17+E17+I17+J17+K17+L17+M17+N17+O17 -> 115637.04 | E17: =F17+G17+H17 -> 115637.04 | F17: 115637.04
A18: 2101102 | B18: 医疗保障-事业单位医疗 | C18: =D18+E18+I18+J18+K18+L18+M18+N18+O18 -> 71190 | E18: =F18+G18+H18 -> 71190 | F18: 71190
A19: 2130104 | B19: 事业运行 | C19: =D19+E19+I19+J19+K19+L19+M19+N19+O19 -> 1976217 | E19: =F19+G19+H19 -> 1976217 | F19: 1976217
... A21: 2130599 | B21: 其他巩固脱贫衔接乡村振兴支出 | C21: =D21+E21+I21+J21+K21+L21+M21+N21+O21 -> 84000 | E21: =F21+G21+H21 -> 84000 | F21: 84000
A22: 2010399 | B22: 其他政府办公厅（室）及相关机构事务支出 | C22: =D22+E22+I22+J22+K22+L22+M22+N22+O22 -> 270000 | M22: 270000
A23: 2100799 | B23: 其他计划生育事务支出 | C23: =D23+E23+I23+J23+K23+L23+M23+N23+O23 -> 20000 | M23: 20000
A24: 2130199 | B24: 其他巩固脱贫衔接乡村振兴支出 | C24: =D24+E24+I24+J24+K24+L24+M24+N24+O24 -> 200000 | M24: 200000
A25: 2130705 | B25: 对村民委员会和村党支部的补助 | C25: =D25+E25+I25+J25+K25+L25+M25+N25+O25 -> 2574960 | E25: =F25+G25+H25 -> 2574960 | F25: 2574960
A26: 2120199 | B26: 其他城乡社区管理事务支出 | C26: =D26+E26+I26+J26+K26+L26+M26+N26+O26 -> 228200 | E26: =F26+G26+H26 -> 228200 | F26: 228200
A27: 2010302 | B27: 一般行政管理 | C27: =D27+E27+I27+J27+K27+L27+M27+N27+O27 -> 16000 | E27: =F27+G27+H27 -> 16000 | F27: 16000
A28: 2013299 | B28: 其他组织事务支出 | C28: =D28+E28+I28+J28+K28+L28+M28+N28+O28 -> 155000 | M28: 155000
A29: 2130122 | B29: 农业生产发展 | C29: =D29+E29+I29+J29+K29+L29+M29+N29+O29 -> 22279.6 | E29: =F29+G29+H29 -> 22279.6 | F29: 22279.6

Sheet 部门支出预算总表
A1: 表三
A2: 部门支出预算总表
A3: 单位：元
A4: 单位名称 | B4: 支出功能科目名称 | C4: 科目编号 | D4: 合计 | E4: 基本支出 | J4: 项目(专项) 资金
C5: 类、款、项 | E5: 基本支出小计 | F5: 人员经费 | I5: 公用经费 | K5: 其中：上级专项 | N5: 其中：县本级政府性基金安排 | O5: 其中：上年结转资金（国库集中支付结余结转）
F6: 小计 | G6: 工资福利支出 | H6: 对个人和家庭补助
K7: 一般公共预算 | L7: 政府性基金 | M7: 国有资本经营预算收入
A8: ** | B8: ** | C8: ** | D8: 1=2+7 | E8: 2=3+6 | F8: 3=4+5 | G8: 4 | H8: 5 | I8: 6 | J8: 7 | K8: 8 | L8: 9 | M8: 10 | N8: 11 | O8: 12
A9: 合计 | D9: =SUM(D10:D31) -> 9522002.2 | E9: =SUM(E10:E31) -> 5808626.6 | F9: =SUM(F10:F31) -> 4070026.6 | G9: =SUM(G10:G31) -> 3999298.6 | H9: =SUM(H10:H31) -> 70728 | I9: =SUM(I10:I31) -> 1738600 | J9: =SUM(J10:J31) -> 3713375.6
A10: 石城县丰山乡人民政府 | B10: 政府机构事务行政运行 | C10: 2010301 | D10: =E10+J10 -> 1810066 | E10: =F10+I10 -> 1667130 | F10: =G10+H10 -> 1074530 | G10: 1074530 | I10: 592600 | J10: 142936
A11: 石城县丰山乡人民政府 | B11: 派驻派出机构 | C11: 2011105 | D11: =E11+J11 -> 90000 | E11: =F11+I11 -> 90000 | I11: 90000
A12: 石城县丰山乡人民政府 | B12: 财政事务行政运行 | C12: 2010601 | D12: =E12+J12 -> 50000 | E12: =F12+I12 -> 50000 | I12: 50000
A13: 石城县丰山乡人民政府 | B13: 其他群众团体事务支出 | C13: 2012999 | D13: =E13+J13 -> 30000 | E13: =F13+I13 -> 30000 | I13: 30000
A14: 石城县丰山乡人民政府 | B14: 党委行政运行 | C14: 2013101 | D14: =E14+J14 -> 790595 | E14: =F14+I14 -> 790595 | F14: =G14+H14 -> 350595 | G14: 350595 | I14: 440000
A15: 石城县丰山乡人民政府 | B15: 机关事业单位基本养老保险缴费支出 | C15: 2080505 | D15: =E15+J15 -> 391726.4 | E15: =F15+I15 -> 391726.4 | F15: =G15+H15 -> 391726.4 | G15: 391726.4
A16: 石城县丰山乡人民政府 | B16: 机关事业单位职业年金缴费支出 | C16: 2080506 | D16: =E16+J16 -> 195863.2 | E16: =F16+I16 -> 195863.2 | F16: =G16+H16 -> 195863.2 | G16: 195863.2
A17: 石城县丰山乡人民政府 | B17: 死亡抚恤 | C17: 2080801 | D17: =E17+J17 -> 70728 | E17: =F17+I17 -> 70728 | F17: =G17+H17 -> 70728 | H17: 70728
A18: 石城县丰山乡人民政府 | B18: 其他优抚支出 | C18: 2080899 | D18: =E18+J18 -> 80000 | E18: =F18+I18 -> 80000 | I18: 80000
A19: 石城县丰山乡人民政府 | B19: 行政单位医疗 | C19: 2101101 | D19: =E19+J19 -> 115637.04 | E19: =F19+I19 -> 115637.04 | F19: =G19+H19 -> 115637.04 | G19: 115637.04
A20: 石城县丰山乡人民政府 | B20: 医疗保障-事业单位医疗 | C20: 2101102 | D20: =E20+J20 -> 71190 | E20: =F20+I20 -> 71190 | F20: =G20+H20 -> 71190 | G20: 71190
A21: 石城县丰山乡人民政府 | B21: 事业运行 | C21: 2130104 | D21: =E21+J21 -> 1976217 | E21: =F21+I21 -> 1976217 | F21: =G21+H21 -> 1520217 | G21: 1520217 | I21: 456000
A22: 石城县丰山乡人民政府 | B22: 住房改革支出-住房公积金 | C22: 2210201 | D22: =E22+J22 -> 279540 | E22: =F22+I22 -> 279540 | F22: =G22+H22 -> 279540 | G22: 279540
A23: 石城县丰山乡人民政府 | B23: 其他巩固脱贫衔接乡村振兴支出 | C23: 2130599 | D23: =E23+J23 -> 84000 | J23: 84000
A24: 石城县丰山乡人民政府 | B24: 其他政府办公厅（室）及相关机构事务支出 | C24: 2010399 | D24: =E24+J24 -> 270000 | J24: 270000
A25: 石城县丰山乡人民政府 | B25: 其他计划生育事务支出 | C25: 2100799 | D25: =E25+J25 -> 20000 | J25: 20000
A26: 石城县丰山乡人民政府 | B26: 其他巩固脱贫衔接乡村振兴支出 | C26: 2130199 | D26: =E26+J26 -> 200000 | J26: 200000
A27: 石城县丰山乡人民政府 | B27: 对村民委员会和村党支部的补助 | C27: 2130705 | D27: =E27+J27 -> 2574960 | J27: 2574960
A28: 石城县丰山乡人民政府 | B28: 其他城乡社区管理事务支出 | C28: 2120199 | D28: =E28+J28 -> 228200 | J28: 228200
A29: 石城县丰山乡人民政府 | B29: 一般行政管理 | C29: 2010302 | D29: =E29+J29 -> 16000 | J29: 16000
A30: 石城县丰山乡人民政府 | B30: 其他组织事务支出 | C30: 2013299 | D30: =E30+J30 -> 155000 | J30: 155000
A31: 石城县丰山乡人民政府 | B31: 农业生产发展 | C31: 2130122 | D31: =E31+J31 -> 22279.6 | J31: 22279.6

Sheet 基本支出预算明细表
Q1: 表四
A2: 基本支出预算明细表
Q3: 单位：元
A4: 经济分类科目 | C4: 本年度基本支出 | F4: 上年结转 | G4: 财政拨款 | K4: 教育收费资金收入 | L4: 事业收入 | M4: 事业单位经营收入 | N4: 附属单位上缴收入 | O4: 上级补助收入 | P4: 其他收入 | Q4: 使用非财政拨款结余
A5: 部门经济科目分类 | B5: 政府经济科目分类 | C5: 合计 | D5: 人员经费 | E5: 公用经费 | G5: 小计 | H5: 一般公共预算拨款收入 | I5: 政府性基金预算拨款收入 | J5: 国有资本经营预算收入
A6: 类、款 | B6: 类、款 | C6: 1=2+3=4+5+9+10+11+12+13+14+15 | D6: 2 | E6: 3 | F6: 4 | G6: 5=6+7+8 | H6: 6 | I6: 7 | J6: 8 | K6: 9 | L6: 10 | M6: 11 | N6: 12 | O6: 13 | P6: 14 | Q6: 15
A7: 合计 | C7: =SUM(C8:C28) -> 5805026.6 | D7: =SUM(D8:D28) -> 4070026.6 | E7: =SUM(E8:E28) -> 1735000 | G7: =SUM(H7:J7) -> 5805026.6 | H7: =SUM(H8:H28) -> 5805026.6
A8: 30101基本工资 | B8: 50101工资奖金津补贴 | C8: =SUM(D8:E8) -> 2549090 | D8: 2549090 | G8: =SUM(H8:J8) -> 2549090 | H8: 2549090
A9: 30107绩效工资 | B9: 50101工资奖金津补贴 | C9: =SUM(D9:E9) -> 387990 | D9: 387990 | G9: =SUM(H9:J9) -> 387990 | H9: 387990
A10: 30304抚恤金 | B10: 50901社会福利和救助 | C10: =SUM(D10:E10) -> 70728 | D10: 70728 | G10: =SUM(H10:J10) -> 70728 | H10: 70728
A11: 30108机关事业单位基本养老保险缴费 | B11: 50102社会保障缴费 | C11: =SUM(D11:E11) -> 391726.4 | D11: 391726.4 | G11: =SUM(H11:J11) -> 391726.4 | H11: 391726.4
A12: 30109职业年金缴费 | B12: 50102社会保障缴费 | C12: =SUM(D12:E12) -> 195863.2 | D12: 195863.2 | G12: =SUM(H12:J12) -> 195863.2 | H12: 195863.2
A13: 30110职工基本医疗保险缴费 | B13: 50102社会保障缴费 | C13: =SUM(D13:E13) -> 186827.04 | D13: 186827.04 | G13: =SUM(H13:J13) -> 186827.04 | H13: 186827.04
A14: 30112其他社会保障缴费 | B14: 50102社会保障缴费 | C14: =SUM(D14:E14) -> 8262 | D14: 8262 | G14: =SUM(H14:J14) -> 8262 | H14: 8262
A15: 30113住房公积金 | B15: 50103住房公积金 | C15: =SUM(D15:E15) -> 279540 | D15: 279540 | G15: =SUM(H15:J15) -> 279540 | H15: 279540
A16: 30201办公费 | B16: 50201办公经费 | C16: =SUM(D16:E16) -> 366000 | E16: 366000 | G16: =SUM(H16:J16) -> 366000 | H16: 366000
A17: 30202印刷费 | B17: 50201办公经费 | C17: =SUM(D17:E17) -> 209000 | E17: 209000 | G17: =SUM(H17:J17) -> 209000 | H17: 209000
A18: 30205水费 | B18: 50201办公经费 | C18: =SUM(D18:E18) -> 25000 | E18: 25000 | G18: =SUM(H18:J18) -> 25000 | H18: 25000
A19: 30206电费 | B19: 50201办公经费 | C19: =SUM(D19:E19) -> 89000 | E19: 89000 | G19: =SUM(H19:J19) -> 89000 | H19: 89000
A20: 30207邮电费 | B20: 50201办公经费 | C20: =SUM(D20:E20) -> 35000 | E20: 35000 | G20: =SUM(H20:J20) -> 35000 | H20: 35000
A21: 30211差旅费 | B21: 50201办公经费 | C21: =SUM(D21:E21) -> 125000 | E21: 125000 | G21: =SUM(H21:J21) -> 125000 | H21: 125000
A22: 30213维修（护）费 | B22: 50209维修（护）费 | C22: =SUM(D22:E22) -> 70000 | E22: 70000 | G22: =SUM(H22:J22) -> 70000 | H22: 70000
A23: 30215会议费 | B23: 50202会议费 | C23: =SUM(D23:E23) -> 135000 | E23: 135000 | G23: =SUM(H23:J23) -> 135000 | H23: 135000
A24: 30216培训费 | B24: 50203培训费 | C24: =SUM(D24:E24) -> 65000 | E24: 65000 | G24: =SUM(H24:J24) -> 65000 | H24: 65000
A25: 30217公务接待费 | B25: 50206公务接待费 | C25: =SUM(D25:E25) -> 194100 | E25: 194100 | G25: =SUM(H25:J25) -> 194100 | H25: 194100
A26: 30231公务用车运行维护费 | B26: 50208公务用车运行维护费 | C26: =SUM(D26:E26) -> 111900 | E26: 111900 | G26: =SUM(H26:J26) -> 111900 | H26: 111900
A27: 30299其他商品服务支出 | B27: 50299其他商品服务支出 | C27: =SUM(D27:E27) -> 186000 | E27: 186000 | G27: =SUM(H27:J27) -> 186000 | H27: 186000
A28: 30239其他交通费用 | B28: 50201办公经费 | C28: =SUM(D28:E28) -> 124000 | E28: 124000 | G28: =SUM(H28:J28) -> 124000 | H28: 124000
A29: 注：此表为部门经济科目分类

Sheet 项目（专项）资金支出预算明细表
R1: 表五
A2: 项目（专项）资金支出预算明细表
R4: 单位：元
A5: 单位名称 | B5: 经济科目分类 | D5: 功能分类科目 | E5: 项目情况说明 | F5: 预算安排小计 | G5: 资金来源
B6: 部门经济科目分类 | C6: 政府经济科目分类 | G6: 上年结转 | H6: 财政拨款 | L6: 教育收费资金收入 | M6: 事业收入 | N6: 事业单位经营收入 | O6: 附属单位上缴收入 | P6: 上级补助收入 | Q6: 其他收入 | R6: 使用非财政拨款结余
H7: 小计 | I7: 一般公共预算拨款收入 | J7: 政府性基金预算拨款收入 | K7: 国有资本经营预算收入
A8: ** | B8: * | C8: * | D8: * | E8: ** | F8: 1=2+3+7+8+9+10+11+12+13 | G8: 2 | H8: 3=4+5+6 | I8: 4 | J8: 5 | K8: 6 | L8: 7 | M8: 8 | N8: 9 | O8: 10 | P8: 11 | Q8: 12 | R8: 13
A9: 合计 | B9: 类、款 | C9: 类、款 | D9: 类、款 | F9: =SUM(F10:F24) -> 3713375.6 | G9: =SUM(G10:G24) -> 0 | H9: =SUM(H10:H24) -> 3068375.6 | I9: =SUM(I10:I24) -> 3068375.6 | J9: =SUM(J10:J24) -> 0 | K9: =SUM(K10:K24) -> 0 | L9: =SUM(L10:L24) -> 0 | M9: =SUM(M10:M24) -> 0 | ... R9: =SUM(R10:R24) -> 0
A10: 石城县丰山乡人民政府 | B10: 31005 | C10: 50302 | D10: 2130599 | E10: 石精扶字【2021】10号2021年第一批非贫困村乡村振兴产业发展项目计划（赣财扶指[2020]19号） | F10: =G10+H10+L10+M10+N10+O10+P10+Q10+R10 -> 24000 | H10: =I10+J10+K10 -> 24000 | I10: 24000
A11: 石城县丰山乡人民政府 | B11: 31005 | C11: 50302 | D11: 2130599 | E11: 石精扶字【2021】3号2021年第一批乡村振兴基础设施项目（赣财扶指[2020]19号） | F11: =G11+H11+L11+M11+N11+O11+P11+Q11+R11 -> 25000 | H11: =I11+J11+K11 -> 25000 | I11: 25000
A12: 石城县丰山乡人民政府 | B12: 31005 | C12: 50302 | D12: 2130599 | E12: 石精扶字【2021】4号2021年第一批乡村振兴产业发展项目（赣财扶指[2020]19号） | F12: =G12+H12+L12+M12+N12+O12+P12+Q12+R12 -> 35000 | H12: =I12+J12+K12 -> 35000 | I12: 35000
A13: 石城县丰山乡人民政府 | B13: 30102 | C13: 50101 | D13: 2010399 | E13: 赣市财行字[2021]53号 关于提前下达2022年乡镇机关工作人员绩效考核市级补助资金 | F13: =G13+H13+L13+M13+N13+O13+P13+Q13+R13 -> 170000 | G13: =0 -> 0 | H13: =I13+J13+K13 -> 0 | P13: 170000
A14: 石城县丰山乡人民政府 | B14: 30102 | C14: 50101 | D14: 2010399 | E14: 关于提前下达2022年县级基本财力保障机制奖补资金（乡镇机关工作人员收入高于县直机关同职级人员20%以上补助） | F14: =G14+H14+L14+M14+N14+O14+P14+Q14+R14 -> 100000 | G14: =0 -> 0 | H14: =I14+J14+K14 -> 0 | P14: 100000
A15: 石城县丰山乡人民政府 | B15: 30199 | C15: 50199 | D15: 210799 | E15: 税费改革计划生育经费补助50% | F15: =G15+H15+L15+M15+N15+O15+P15+Q15+R15 -> 20000 | H15: =I15+J15+K15 -> 0 | P15: 20000
A16: 石城县丰山乡人民政府 | B16: 30905 | C16: 50302 | D16: 2130199 | E16: 提前下达2022年城建专项资金--美丽乡镇建设行动（赣市财基字[2021]19号） | F16: =G16+H16+L16+M16+N16+O16+P16+Q16+R16 -> 200000 | H16: =I16+J16+K16 -> 0 | P16: 200000
A17: 石城县丰山乡人民政府 | B17: 31099 | C17: 50501 | D17: 2013299 | E17: 赣市财行字[2021]57号关于提前下达2022年基层组织建设市级补助资金的通知 | F17: =G17+H17+L17+M17+N17+O17+P17+Q17+R17 -> 155000 | H17: =I17+J17+K17 -> 0 | P17: 155000
A18: 石城县丰山乡人民政府 | B18: 31099 | C18: 50501 | D18: 2010302 | E18: 乡镇行政执法补助资金 | F18: =G18+H18+L18+M18+N18+O18+P18+Q18+R18 -> 16000 | H18: =I18+J18+K18 -> 16000 | I18: 16000
A19: 石城县丰山乡人民政府 | B19: 31099 | C19: 50199 | D19: 2130705 | E19: 村组干部报酬补贴及运转经费 | F19: =G19+H19+L19+M19+N19+O19+P19+Q19+R19 -> 2550960 | H19: =I19+J19+K19 -> 2550960 | I19: 2550960
A20: 石城县丰山乡人民政府 | B20: 30101 | C20: 50101 | D20: 2130705 | E20: 安全员补贴 | F20: =G20+H20+L20+M20+N20+O20+P20+Q20+R20 -> 24000 | H20: =I20+J20+K20 -> 24000 | I20: 24000
A21: 石城县丰山乡人民政府 | B21: 30102 | C21: 50101 | D21: 2120199 | E21: 居委会干部报酬补贴及运转经费 | F21: =G21+H21+L21+M21+N21+O21+P21+Q21+R21 -> 228200 | H21: =I21+J21+K21 -> 228200 | I21: 228200
A22: 石城县丰山乡人民政府 | B22: 30107 | C22: 50101 | D22: 2010301 | E22: 乡镇机关工作人员绩效考核补助资金 | F22: =G22+H22+L22+M22+N22+O22+P22+Q22+R22 -> 132800 | H22: =I22+J22+K22 -> 132800 | I22: 132800
A23: 石城县丰山乡人民政府 | B23: 39999 | C23: 5999 | D23: 2130122 | E23: 基层兽医站工作经费 | F23: =G23+H23+L23+M23+N23+O23+P23+Q23+R23 -> 22279.6 | H23: =I23+J23+K23 -> 22279.6 | I23: 22279.6
A24: 石城县丰山乡人民政府 | B24: 30102 | C24: 50101 | D24: 2010302 | E24: 行政执法补助 | F24: =G24+H24+L24+M24+N24+O24+P24+Q24+R24 -> 10136 | H24: =I24+J24+K24 -> 10136 | I24: 10136

Sheet 一般公共预算三公表
G1: 表六
A2: 一般公共预算“三公”经费支出表
G3: 单位：元
A4: 单位编码 | B4: 单位名称 | C4: 合计 | D4: 因公出国(境)费 | E4: 公务接待费 | F4: 公务用车运行维护费 | G4: 公务用车购置
A5: ** | B5: ** | C5: 1=2+3+4+5 | D5: 2 | E5: 3 | F5: 4 | G5: 5
A6: 917001 | B6: 石城县丰山乡人民政府 | C6: =D6+E6+F6+G6 -> 306000 | E6: 194100 | F6: 111900

Sheet 单位非税收入征收计划表
J1: 表七
A2: 单位非税收入征收计划表
A3: 石城县丰山乡人民政府 | J3: 单位：元
A4: 收入科目编码 | B4: 收入科目名称 | C4: 合计 | D4: 纳入预算管理 | J4: 纳入专户管理
D5: 小计 | E5: 专项收入 | F5: 行政事业性收入 | G5: 罚没收入 | H5: 政府住房基金收入 | I5: 政府性基金收入
B7: ** | C7: 1=2+8 | D7: 2=3+4+5+6+7 | E7: 3 | F7: 4 | G7: 5 | H7: 6 | I7: 7 | J7: 8
B8: 合计 | C8: =SUM(C9) -> 20000 | D8: =SUM(D9) -> 20000 | E8: =SUM(E9) -> 0 | F8: =SUM(F9) -> 0 | G8: =SUM(G9) -> 20000 | H8: =SUM(H9) -> 0 | I8: =SUM(I9) -> 0 | J8: =SUM(J9) -> 0
A9: 2010302 | B9: 一般行政管理事务 | C9: =D9+J9 -> 20000 | D9: =SUM(E9:I9) -> 20000 | G9: 20000

Sheet 单位人员情况
N1: 表八
A2: 单位人员情况表
N3: 单位：人
A4: 单位名称 | B4: 2021年11月份学生人数总计 | C4: 2021年11月份在职人数 | I4: 2022年工资财政负担人数
C5: 小计 | D5: 离退休 | E5: 在职 | G5: 遗属 | H5: 其他 | I5: 小计 | J5: 离退休 | K5: 在职 | M5: 遗属 | N5: 其他
F6: 其中退职人员 | L6: 其中退职人员
A7: ** | B7: 1 | C7: 2=3+4+6+7 | D7: 3 | E7: 4 | F7: 5 | G7: 6 | H7: 7 | I7: 8=9+10+12+13 | J7: 9 | K7: 10 | L7: 11 | M7: 12 | N7: 13
A8: 合计 | B8: 0 | C8: =C9 -> 52 | D8: =D9 -> 0 | E8: =E9 -> 45 | F8: =F9 -> 0 | G8: =G9 -> 7 | H8: =H9 -> 0 | I8: =I9 -> 52 | J8: =J9 -> 0 | ... N8: =N9 -> 0
A9: 石城县丰山乡人民政府 | B9: 0 | C9: =SUM(D9:H9) -> 52 | E9: 45 | G9: 7 | I9: =SUM(J9:N9) -> 52 | K9: 45 | M9: 7
A10: 注：退职人员为不符合条件进社保的提前退休人员

Sheet 政府采购（购买服务）预算表
T1: 表九
B2: 政府采购（购买服务）预算表 | C2: 政府购买服务表 | D2: 政府购买服务表 | E2: 政府购买服务表 | F2: 政府购买服务表 | G2: 政府购买服务表 | H2: 政府购买服务表 | I2: 政府购买服务表 | J2: 政府购买服务表 | K2: 政府购买服务表 | L2: 政府购买服务表 | M2: 政府购买服务表 | N2: 政府购买服务表 | O2: 政府购买服务表 | P2: 政府购买服务表 | Q2: 政府购买服务表 | R2: 政府购买服务表 | S2: 政府购买服务表 | T2: 政府购买服务表
B3: 单位:元 | C3: 单位:元 | D3: 单位:元 | E3: 单位:元 | F3: 单位:元 | G3: 单位:元 | H3: 单位:元 | I3: 单位:元 | J3: 单位:元 | K3: 单位:元 | L3: 单位:元 | M3: 单位:元 | N3: 单位:元 | O3: 单位:元 | P3: 单位:元 | Q3: 单位:元 | R3: 单位:元 | S3: 单位:元 | T3: 单位:元
A4: 序号 | B4: 单位 | C4: 支出功能分类科目 | D4: 项目 | E4: 购买数量 | F4: 购买金额 | G4: 收入来源 | H4: 收入来源 | I4: 收入来源 | J4: 收入来源 | K4: 收入来源 | L4: 收入来源 | M4: 收入来源 | N4: 收入来源 | O4: 收入来源 | P4: 收入来源 | Q4: 收入来源 | R4: 收入来源 | S4: 收入来源 | T4: 收入来源
A5: 序号 | B5: 单位 | C5: 支出功能分类科目 | D5: 项目 | E5: 购买数量 | F5: 购买金额 | G5: 合计 | H5: 本年收入 | I5: 本年收入 | J5: 本年收入 | K5: 本年收入 | L5: 本年收入 | M5: 本年收入 | N5: 本年收入 | O5: 本年收入 | P5: 本年收入 | Q5: 本年收入 | R5: 使用非财政拨款结余 | S5: 上年结转（结余） | T5: 上年结转（结余）
A6: 序号 | B6: 单位 | C6: 支出功能分类科目 | D6: 项目 | E6: 购买数量 | F6: 购买金额 | G6: 合计 | H6: 财政拨款 | I6: 财政拨款 | J6: 财政拨款 | K6: 财政拨款 | L6: 教育收费资金收入 | M6: 事业收入 | N6: 事业单位经营收入 | O6: 其他收入 | P6: 上级补助收入 | Q6: 附属单位上缴收入 | R6: 使用非财政拨款结余 | S6: 国库集中支付结转（结余） | T6: 其他资金结转（结余）
A7: 序号 | B7: 单位 | C7: 支出功能分类科目 | D7: 项目 | E7: 购买数量 | F7: 购买金额 | G7: 合计 | H7: 小计 | I7: 一般公共预算收入 | J7: 政府性基金收入 | K7: 国有资本经营预算收入 | L7: 教育收费资金收入 | M7: 事业收入 | N7: 事业单位经营收入 | O7: 其他收入 | P7: 上级补助收入 | Q7: 附属单位上缴收入 | R7: 使用非财政拨款结余 | S7: 国库集中支付结转（结余） | T7: 其他资金结转（结余）
G8: =SUM(G9:G21) -> 1252000 | H8: =SUM(H9:H21) -> 1252000 | I8: =SUM(I9:I21) -> 1252000
A9: 1 | B9: 石城县丰山乡人民政府 | C9: 2130301 | D9: 服务器 | E9: 10 | F9: 80000 | G9: 80000 | H9: 80000 | I9: 80000
A10: 2 | B10: 石城县丰山乡人民政府 | C10: 2130301 | D10: 多功能一体机 | E10: 10 | F10: 60000 | G10: 60000 | H10: 60000 | I10: 60000
A11: 3 | B11: 石城县丰山乡人民政府 | C11: 2130301 | D11: 复印机 | E11: 15 | F11: 30000 | G11: 30000 | H11: 30000 | I11: 30000
A12: 4 | B12: 石城县丰山乡人民政府 | C12: 2130301 | D12: 台式计算机 | E12: 10 | F12: 50000 | G12: 50000 | H12: 50000 | I12: 50000
A13: 5 | B13: 石城县丰山乡人民政府 | C13: 2130301 | D13: 便携式计算机 | E13: 1 | F13: 10000 | G13: 10000 | H13: 10000 | I13: 10000
A14: 6 | B14: 石城县丰山乡人民政府 | C14: 2130301 | D14: 计算机网络设备 | E14: 20 | F14: 100000 | G14: 100000 | H14: 100000 | I14: 100000
A15: 7 | B15: 石城县丰山乡人民政府 | C15: 2130301 | D15: 电冰箱 | E15: 15 | F15: 50000 | G15: 50000 | H15: 50000 | I15: 50000
A16: 8 | B16: 石城县丰山乡人民政府 | C16: 2130301 | D16: 空调机 | E16: 10 | F16: 30000 | G16: 30000 | H16: 30000 | I16: 30000
A17: 9 | B17: 石城县丰山乡人民政府 | C17: 2130301 | D17: 家具用具 | E17: 50 | F17: 200000 | G17: 200000 | H17: 200000 | I17: 200000
A18: 10 | B18: 石城县丰山乡人民政府 | C18: 2130301 | D18: 装修工程 | E18: 1 | F18: 100000 | G18: 100000 | H18: 100000 | I18: 100000
A19: 11 | B19: 石城县丰山乡人民政府 | C19: 2130301 | D19: 修缮工程 | E19: 1 | F19: 100000 | G19: 100000 | H19: 100000 | I19: 100000
A20: 12 | B20: 石城县丰山乡人民政府 | C20: 2130301 | D20: 广告服务 | E20: 1 | F20: 400000 | G20: 400000 | H20: 400000 | I20: 400000
A21: 13 | B21: 石城县丰山乡人民政府 | C21: 2130301 | D21: 农副产品采购 | E21: 1 | F21: 42000 | G21: 42000 | H21: 42000 | I21: 42000

Sheet 部门整体支出绩效目标表
L1: 表十
A2: 2022年部门整体支出绩效目标表
A3: 部门名称 | B3: 石城县丰山乡人民政府
A4: 部门基本信息
A5: 部门所属领域 | D5: 政府机关 | G5: 直属单位包括
A6: 内设职能部门 | G6: 编制控制数
A7: 在职人员总数 | D7: 52 | G7: 其中：行政编制人数 | I7: 22
A8: 事业编制人数 | D8: 23 | G8: 编外人数
A9: 当年预算情况（万元）
A10: 收入预算合计 | D10: 952.2 | G10: 其中：上级财政拨款 | I10: 64.5
A11: 本级财政安排 | D11: =D10-I10 -> 887.7 | G11: 其他资金
A12: 支出预算合计 | D12: =D13+I12+I13 -> 952.20022 | G12: 其中：人员经费 | I12: 407.00266
A13: 公用经费 | D13: 173.86 | G13: 项目经费 | I13: 371.33756
A14: 年度绩效指标
A15: 一级指标 | D15: 二级指标 | F15: 三级指标 | I15: 目标值
A16: 产出指标 | D16: 数量指标 | F16: 预算调整率 | I16: ≤10%
D17: 质量指标 | F17: 预算编制完整性 | I17: 编制科学合理，三公经费预算编制只减不增
F18: 预算科目设置合理性 | I18: 功能科学合理，编制到“项”；经济科目编制科学合理，编制到“款”
F19: 支出管理规范 | I19: 符合财务规定及相关制度办法
D20: 成本指标 | F20: 一般性支出变动率 | I20: ≤0
F21: 人均公用经费变动率 | I21: ≤0
F22: 三公经费变动率 | I22: ≤0
A23: 效益指标 | D23: 经济效益指标 | F23: 提高群众生活水平 | I23: 保稳定，促发展，提高经济发展水平，提高居民收入水平及生活水平
D24: 社会效益指标 | F24: 安全保障和社会和谐 | I24: 通过排查化解安全隐患、矛盾纠纷，确保社会安定和谐
D25: 生态效益指标 | F25: 生态文明 | I25: 将卫生环境保护贯穿到辖区，丰富文化生活，加强乡风文明建设，着力建设生态环保、节能高效的社会环境
D26: 可持续影响指标 | F26: 项目进展顺利 | I26: 体现政策导向，长期保障工作和项目平衡进行，经济持续增长
A27: 满意度指标 | D27: 满意度指标 | F27: 服务对象满意度 | I27: ≥98%

Sheet 重点项目绩效目标表
H1: 表十一
A2: 重点项目支出绩效目标表
A3: (2022年度)
A4: 项目名称： | C4: 2022年乡镇机关工作人员绩效考核市级补助资金
A5: 基本信息
A6: 开始日期： | C6: 44562 | E6: 结束日期： | G6: 44926
A7: 项目总金额： | C7: 170000元 | E7: 本年度预算金额： | G7: 170000元
A8: 基本情况
A9: 立项必要性： | C9: 赣市财行字[2021]53号 关于提前下达2022年乡镇机关工作人员绩效考核市级补助资金
A10: 实施可行性： | C10: 乡镇党委、政府，考核乡镇机关在编在岗的公务员、事业编制人员。
A11: 项目实施内容： | C11: 乡镇机关工作人员的工作态度、质量和实效，重点考核在推进党的建设、经济发展、脱贫攻坚、乡村振兴、社会管理、生态保护、民生保障及重大中心工作等工作中履职尽责、担当作为的情况。
A12: 中长期目标： | C12: 激励乡镇工作人员担当作为，坚持精神激励与物质奖励并举，把考核结果作为乡镇绩效 考核对象选拔任用、培养教育、管理监督、激励约束、问责追责的重要依据。
A13: 年度绩效目标： | C13: 激励乡镇工作人员担当作为，坚持精神激励与物质奖励并举，把考核结果作为乡镇绩效 考核对象选拔任用、培养教育、管理监督、激励约束、问责追责的重要依据。
A14: 立项依据
A15: 政策依据： | C15: 赣市财行字[2021]53号 关于提前下达2022年乡镇机关工作人员绩效考核市级补助资金
A16: 其他依据：
A17: 需要说明的其他问题：
A18: 年度绩效目标
A19: 激励乡镇工作人员担当作为，坚持精神激励与物质奖励并举，把考核结果作为乡镇绩效
A20: 一级指标 | B20: 二级指标 | C20: 三级指标 | G20: 指标值
A21: 产出指标 | B21: 数量 | C21: 上级下达的所有任务 | G21: =100%
B22: 质量 | C22: 完成合格率 | G22: =100%
B23: 时效 | C23: 完成及时率 | G23: =100%
A25: 效益指标 | B25: 经济效益
B26: 社会效益 | C26: 群众安居乐业 | G26: =100%
B27: 可持续影响 | C27: 社会稳定 | G27: 永久
A28: 满意度 | B28: 满意度 | C28: 群众满意度 | G28: =100%
